 Dungeon Crawl Stone Soup version 0.29.1-15-g9cfb28693d (webtiles) character file.

Game seed: 8108442709659288272

61 Danienth the Grave Robber (level 3, -6/20 HPs)
             Began as a Deep Elf Necromancer on Apr 9, 2023.
             Mangled by Crazy Yiuf
             ... wielding a +3 quarterstaff of chaos
              (11 damage)
             ... on level 2 of the Dungeon.
             The game lasted 00:17:57 (1904 turns).

Danienth the Grave Robber (Deep Elf Necromancer)    Turns: 1904, Time: 00:17:58

Health: -6/20      AC:  2    Str:  9    XL:     3   Next: 83%
Magic:  9/10       EV: 13    Int: 21    God:
Gold:   99         SH:  0    Dex: 15    Spells: 5/9 levels left

rFire   . . .      SeeInvis .   r - +6 hammer "Diockuuku" {vamp, Str+2 Int+2}
rCold   . . .      Faith    .   (no shield)
rNeg    . . .      Spirit   .   a - +0 robe
rPois   .          Reflect  .   (no helmet)
rElec   .          Harm     .   (no cloak)
rCorr   .          Rampage  .   (no gloves)
Will    .....                   (no boots)
Stlth   ++........              h - amulet of regeneration
HPRegen 0.86/turn               (no ring)
MPRegen 0.12/turn               (no ring)

@: brilliant
A: no striking features
a: no special abilities


You were on level 2 of the Dungeon.
You visited 1 branch of the dungeon, and saw 2 of its levels.

You collected 99 gold pieces.

Inventory:

Hand Weapons
 c - a +0 sling
 o - the +6 hammer of Equivalence {drain, Str+2 Int+3 Dex-4}
   (You found it on level 2 of the Dungeon)

   A truly terrible weapon, it drains the life of any living foe it strikes.
   Str:       It affects your strength (+2).
   Int:       It affects your intelligence (+3).
   Dex:       It affects your dexterity (-4).
 r - the +6 hammer "Diockuuku" (weapon) {vamp, Str+2 Int+2}
   (You found it on level 2 of the Dungeon)

   It occasionally heals its wielder for a portion of the damage dealt when it
   wounds a living foe.
   Str:       It affects your strength (+2).
   Int:       It affects your intelligence (+2).
Armour
 a - a +0 robe (worn)
Jewellery
 h - an amulet of regeneration (around neck)
Scrolls
 j - a scroll of acquirement {unknown}
 l - a scroll of vulnerability {unknown}
 m - a scroll of brand weapon {unknown}
Potions
 b - a potion of magic
 d - a potion of attraction {unknown}
 e - a potion of cancellation {unknown}
 f - a potion of brilliance
 g - a potion of curing {unknown}
 i - a potion of ambrosia {unknown}
 k - a potion of degeneration {unknown}


   Skills:
 + Level 0.8 Fighting
 + Level 1.1 Ranged Weapons
 + Level 3.0 Dodging
 * Level 3.1 Stealth
 * Level 3.6 Spellcasting
 * Level 5.3 Necromancy


You had 5 spell levels left.
You knew the following spells:

 Your Spells              Type           Power      Damage    Failure   Level
a - Necrotise             Necr           100%       1d9       1%          1
b - Vampiric Draining     Necr           39%        2d8       4%          3

Your spell library contained the following spells:

 Spells                   Type           Power      Damage    Failure   Level
 Animate Dead             Necr           39%        N/A       14%         4
 Agony                    Necr           39%        N/A       36%         5


Dungeon Overview and Level Annotations

Branches:
Dungeon (2/15)

Altars:
Uskayaw

Annotations:
D:2 Crazy Yiuf


Message History

You see here a +0 hammer.
Found a hammer.
You see here a +0 hammer.
You see here the +6 hammer "Diockuuku" {vamp, Str+2 Int+2}.
r - the +6 hammer "Diockuuku" {vamp, Str+2 Int+2} Crazy Yiuf shouts!
Found three hammers.
You see here a +0 hammer.
You feel stronger.
You feel clever.
You feel a sense of dread.
r - the +6 hammer "Diockuuku" (weapon)
{vamp, Str+2 Int+2} Unknown command.
You drop a +1 hammer of protection.
You drop a +1 hammer of venom.
Crazy Yiuf screams, "Lugonu!
Citrus horse blue."
You drop a +1 vorpal hammer.
This spell is quite dangerous to cast!
Memorise Vampiric Draining, consuming 3 spell levels and leaving 5?
You start memorising the spell.
You continue memorising.
Crazy Yiuf screams, "Pitchfork arm sow!"
You continue memorising. x2
You finish memorising.
Spell assigned to 'b'.
It was a potion of brilliance.
You feel clever all of a sudden.
You open the door.
Casting: Necrotise (safe; 1% risk of failure)
Confirm with . or Enter, or press ? or * to list all spells.
Aiming: Necrotise (safe; 1% risk of failure)
Press: ? - help, Shift-Dir - straight line, f - Crazy Yiuf
Aim: Crazy Yiuf, wielding a +3 quarterstaff of chaos and wearing a +2 cloak of preservation (chance to affect: 88%)
You feel a surge of power!
Crazy Yiuf writhes in agony.
Crazy Yiuf hits you with a +3 quarterstaff of chaos!
Ouch! That really hurt!
Crazy Yiuf freezes you.
* * * LOW HITPOINT WARNING * * *
You sock Crazy Yiuf!
Crazy Yiuf is heavily wounded.
Crazy Yiuf hits you with a +3 quarterstaff of chaos!
Ouch! That really hurt!
You die...

#..####))## #.## #))).# #.#
♣).))♣ ##.# ♣)..♣♣ #..# ♣♣)♣♣
####.## ♣)♣♣ #....# ♣♣)♣ #.####
♣.♣♣ #..# ♣♣@♣ #..# #g# #..# )))
### #..# #)))# ..... ..###..#####
#).)# ....... #.......##.# #####
#........# #..........#
#........# ...........#######
##.......# #
......#..........####........###.


You could see Crazy Yiuf.

Vanquished Creatures
  2 dart slugs (D:1)
  6 bats
  3 endoplasms (D:1)
  A giant cockroach (D:1)
  4 goblins (D:1)
  5 hobgoblins
  7 jackals (D:1)
  2 quokkas
  4 ball pythons
  2 frilled lizards (D:1)
  5 kobolds
  5 rats
46 creatures vanquished.

Vanquished Creatures (collateral kills)
  A dart slug (D:1)
  An endoplasm (D:2)
  A ball python (D:2)
  A kobold (D:2)
  A rat (D:1)
5 creatures vanquished.

Vanquished Creatures (others)
  5 demonic plants (D:1)
  3 fungi (D:1)
  3 plants (D:1)
  A withered plant (D:1)
12 creatures vanquished.

Grand Total: 63 creatures vanquished

Notes
Turn   | Place    | Note
-------+----------+-------------------------------------------
     0 | D:1      | Danienth the Deep Elf Necromancer began the quest for the
                  | Orb.
     0 | D:1      | Reached XP level 1. HP: 10/10 MP: 6/6
    95 | D:1      | Reached skill level 5 in Necromancy
    95 | D:1      | Reached XP level 2. HP: 11/15 MP: 5/8
   216 | D:1      | Found a faded altar of an unknown god.
   225 | D:1      | Prayed at the altar of an unknown god.
   225 | D:1      | Became a worshipper of Uskayaw the Reveller
   225 | D:1      | Reached * piety under Uskayaw
   432 | D:1      | Fell from the grace of Uskayaw
   943 | D:1      | Reached XP level 3. HP: 13/20 MP: 10/10
  1297 | D:1      | Reached skill level 1 in Ranged Weapons
  1881 | D:2      | Identified the +6 hammer of Equivalence {drain, Str+2 Int+3
                  | Dex-4}
  1888 | D:2      | Found a runed translucent door.
  1889 | D:2      | Noticed Crazy Yiuf
  1890 | D:2      | Identified the +6 hammer "Diockuuku" {vamp, Str+2 Int+2}
  1901 | D:2      | Learned a level 3 spell: Vampiric Draining
  1904 | D:2      | Mangled by Crazy Yiuf

Illustrated notes

Levels and vault maps discovered:
D:1:      psy_arrival_radial01, layout_basic, shapermc_ecumenical_altar_gd,
          nicolae_concentric_dashed_squares_mild, glass_columns_a, minivault_4
D:2:      layout_rooms, uniq_crazy_yiuf_cottage

Skill      XL: |  1  2  3 |
---------------+----------+-----
Necromancy     | 5 |  5.3
Stealth        | 3 |  3.1
Ranged Weapons | 1 |  1.1
Dodging        | 3 |  3.0
Fighting       | |  0.8
Spellcasting   | |  3.6

Action                   || total
-------------------------++-------
Melee: Sling             ||     1
       Mace              ||     1
 Fire: Sling             ||    32
 Cast: Necrotise         ||    58
Invok: Renounce Religion ||     1
  Use: Potion            ||     1
Armor: Robe              ||     5
Dodge: Dodged            ||    25
